Dernière mise à jour: 2025-12-07 16:11:59
% Time on Ice - ANCHORAGE ACES
Lines # - Real PCT - Wanted PCT - Time Play
Normal Forward
1 - 29% - 35% - 15:24
2 - 35% - 35% - 18:35
3 - 28% - 23% - 15:11
4 - 9% - 7% - 4:37
Normal Defense
1 - 31% - 35% - 16:56
2 - 30% - 35% - 16:04
3 - 31% - 25% - 16:31
4 - 8% - 5% - 4:16
PP Forward
1 - 67% - 55% - 2:21
2 - 33% - 45% - 1:11
PP Defense
1 - 56% - 55% - 1:58
2 - 44% - 45% - 1:34
PK Forward
1 - 77% - 55% - 1:32
2 - 23% - 45% - 0:27
PK Defense
1 - 70% - 55% - 1:23
2 - 30% - 45% - 0:36
PK3 Forward
1 - 0% - 55%
2 - 0% - 45%
PK3 Defense
1 - 0% - 55%
2 - 0% - 45%
44 Forward
1 - 0% - 55%
2 - 0% - 45%
44 Defense
1 - 0% - 55%
2 - 0% - 45%
Last Minute Offensive  - 0:00
Last Minute Defensive  - 0:42
Total
Forward - 60:00
Defense - 60:00
% Time on Ice - BANFF WOLVES
Lines # - Real PCT - Wanted PCT - Time Play
Normal Forward
1 - 33% - 36% - 17:48
2 - 33% - 34% - 18:11
3 - 22% - 25% - 12:06
4 - 12% - 5% - 6:24
Normal Defense
1 - 40% - 40% - 21:40
2 - 31% - 34% - 17:02
3 - 24% - 16% - 13:00
4 - 5% - 10% - 2:47
PP Forward
1 - 39% - 55% - 0:47
2 - 61% - 45% - 1:12
PP Defense
1 - 61% - 55% - 1:12
2 - 39% - 45% - 0:47
PK Forward
1 - 67% - 55% - 2:23
2 - 33% - 45% - 1:09
PK Defense
1 - 47% - 55% - 1:39
2 - 53% - 45% - 1:53
PK3 Forward
1 - 0% - 55%
2 - 0% - 45%
PK3 Defense
1 - 0% - 55%
2 - 0% - 45%
44 Forward
1 - 0% - 55%
2 - 0% - 45%
44 Defense
1 - 0% - 55%
2 - 0% - 45%
Last Minute Offensive  - 0:00
Last Minute Defensive  - 0:00
Total
Forward - 60:00
Defense - 60:00
Play-by-Play 1st period 0:01 of 1st period - Joel Eriksson Ek wins face-off versus Nathan MacKinnon in neutral zone. 0:19 of 1st period - Joel Eriksson Ek is hit by Ryan Pulock and loses puck. 0:43 of 1st period - Shot by Phillip Danault. 0:43 of 1st period - Stopped by Joey Daccord with a rebound. 1:33 of 1st period - Shot by Alexander DeBrincat. 1:33 of 1st period - Deflect By Yegor Sharangovich. 1:33 of 1st period - Shot Blocked by Quinton Hughes. 2:14 of 1st period - Shot by Eetu Luostarinen. 2:14 of 1st period - Stopped by Joey Daccord without a rebound. 2:15 of 1st period - Casey Cizikas wins face-off versus Sam Carrick in BANFF WOLVES zone. 3:31 of 1st period - Off-side. 3:32 of 1st period - Erik Haula wins face-off versus Joel Eriksson Ek in neutral zone. 3:35 of 1st period - Quinton Hughes is hit by Alexander DeBrincat and loses puck. 3:40 of 1st period - Shot by Alexander DeBrincat. 3:40 of 1st period - Shot Blocked by Mats Zuccarello. 3:44 of 1st period - Shot by Alexander DeBrincat. 3:44 of 1st period - Stopped by Joey Daccord with a rebound. 4:00 of 1st period - Shot by Alexander DeBrincat. 4:00 of 1st period - Stopped by Joey Daccord without a rebound. 4:01 of 1st period - Nathan MacKinnon wins face-off versus Adam Henrique in BANFF WOLVES zone. 4:04 of 1st period - Shot by Phillip Danault. 4:04 of 1st period - Stopped by Joey Daccord without a rebound. 4:05 of 1st period - Nathan MacKinnon wins face-off versus Drake Batherson in BANFF WOLVES zone. 4:06 of 1st period - Shot by David Perron. 4:06 of 1st period - Shot Misses the Net. 4:08 of 1st period - Shot by Nathan MacKinnon. 4:08 of 1st period - Stopped by Joey Daccord without a rebound. 4:09 of 1st period - Elias Lindholm wins face-off versus Nathan MacKinnon in BANFF WOLVES zone. 4:44 of 1st period - Shot by Quinton Hughes. 4:44 of 1st period - Shot Misses the Net. 5:18 of 1st period - Shot by Erik Haula. 5:18 of 1st period - Deflect By Alexander DeBrincat. 5:18 of 1st period - Shot Misses the Net. 5:27 of 1st period - Minor Penalty to Erik Haula for High sticking. 5:28 of 1st period - Colin Blackwell wins face-off versus Joel Eriksson Ek in ANCHORAGE ACES zone. 5:28 of 1st period - Colin Blackwell is hit by Joel Eriksson Ek. 5:35 of 1st period - Icing by Roman Josi. 5:36 of 1st period - Joel Eriksson Ek wins face-off versus Colin Blackwell in BANFF WOLVES zone. 5:36 of 1st period - Joel Eriksson Ek is hit by Colin Blackwell. 6:12 of 1st period - Shot by Joel Eriksson Ek. 6:12 of 1st period - Stopped by Darcy Kuemper without a rebound. 6:13 of 1st period - Elias Lindholm wins face-off versus Colin Blackwell in ANCHORAGE ACES zone. 6:22 of 1st period - Shot by Quinton Hughes. 6:22 of 1st period - Stopped by Darcy Kuemper with a rebound. 6:24 of 1st period - Shot by Elias Lindholm. 6:24 of 1st period - Deflect By Mats Zuccarello. 6:24 of 1st period - Stopped by Darcy Kuemper without a rebound. 6:25 of 1st period - Elias Lindholm wins face-off versus Colin Blackwell in ANCHORAGE ACES zone. 6:28 of 1st period - Shot by Quinton Hughes. 6:28 of 1st period - Stopped by Darcy Kuemper without a rebound. 6:29 of 1st period - Elias Lindholm wins face-off versus Colin Blackwell in ANCHORAGE ACES zone. 7:10 of 1st period - Shot by Quinton Hughes. 7:10 of 1st period - Stopped by Darcy Kuemper with a rebound. 8:54 of 1st period - Shot by Erik Haula. 8:54 of 1st period - Shot Misses the Net. 9:20 of 1st period - Icing by Roman Josi. 9:21 of 1st period - Casey Cizikas wins face-off versus Eetu Luostarinen in BANFF WOLVES zone. 9:52 of 1st period - Jakob Chychrun is hit by Brad Marchand and loses puck. 9:58 of 1st period - Off-side. 9:59 of 1st period - Nathan MacKinnon wins face-off versus Elias Lindholm in neutral zone. 11:15 of 1st period - Shot by Joel Eriksson Ek. 11:15 of 1st period - Stopped by Darcy Kuemper without a rebound. 11:16 of 1st period - Eetu Luostarinen wins face-off versus Adam Henrique in ANCHORAGE ACES zone. 11:26 of 1st period - Shot by Jakob Chychrun. 11:26 of 1st period - Shot Misses the Net. 11:44 of 1st period - Shot by Adam Henrique. 11:44 of 1st period - Stopped by Darcy Kuemper without a rebound. 11:45 of 1st period - Joel Eriksson Ek wins face-off versus Erik Haula in ANCHORAGE ACES zone. 11:46 of 1st period - Shot by Quinton Hughes. 11:46 of 1st period - Shot Misses the Net. 11:48 of 1st period - Shot by Miro Heiskanen. 11:48 of 1st period - Shot Misses the Net. 12:05 of 1st period - Icing by Carson Soucy. 12:06 of 1st period - Elias Lindholm wins face-off versus Erik Haula in ANCHORAGE ACES zone. 12:19 of 1st period - Shot by Elias Lindholm. 12:19 of 1st period - Stopped by Darcy Kuemper without a rebound. 12:20 of 1st period - Nathan MacKinnon wins face-off versus Joel Eriksson Ek in ANCHORAGE ACES zone. 12:22 of 1st period - Icing by Phillip Danault. 12:23 of 1st period - Joel Eriksson Ek wins face-off versus Nathan MacKinnon in ANCHORAGE ACES zone. 13:17 of 1st period - Joel Eriksson Ek is hit by Sebastien Aho and loses puck. 13:45 of 1st period - Shot by Elias Lindholm. 13:45 of 1st period - Stopped by Darcy Kuemper without a rebound. 13:46 of 1st period - Adam Henrique wins face-off versus Eetu Luostarinen in ANCHORAGE ACES zone. 13:52 of 1st period - Adam Henrique is hit by Robert Bortuzzo and loses puck. 15:22 of 1st period - Shot by Elias Lindholm. 15:22 of 1st period - Shot Misses the Net. 17:13 of 1st period - Icing by Roman Josi. 17:14 of 1st period - Joel Eriksson Ek wins face-off versus Sam Carrick in BANFF WOLVES zone. 17:14 of 1st period - Joel Eriksson Ek is hit by Nicolas Deslauriers. 17:28 of 1st period - Off-side. 17:29 of 1st period - Adam Henrique wins face-off versus Erik Haula in neutral zone. 17:42 of 1st period - Shot by Alexander DeBrincat. 17:42 of 1st period - Stopped by Jo